 Dungeon Crawl Stone Soup version 0.29.1-2-gbd0b4ee654 (webtiles) character file.

Game seed: 960472530304276695

7349 mortz the Destroyer (level 10, -7/84 HPs)
             Began as a Demigod Conjurer on Nov 23, 2022.
             Mangled by a death yak (26 damage)
             ... on level 9 of the Dungeon on Nov 24, 2022.
             The game lasted 01:17:47 (12581 turns).

mortz the Destroyer (Demigod Conjurer)             Turns: 12581, Time: 01:17:48

Health: -7/84      AC:  8    Str:  8    XL:     10   Next: 60%
Magic:  5/25       EV: 12    Int: 32    God:
Gold:   291        SH:  5    Dex: 18    Spells: 9/23 levels left

rFire   + + .      SeeInvis .   a - +3 rapier of Arbitration {vorpal, Dex+4}
rCold   + . .      Faith    .   (no shield)
rNeg    . . .      Spirit   .   M - +0 robe of Midnight {Regen+ Dex+2 Stlth+}
rPois   .          Reflect  +   q - +2 helmet
rElec   .          Harm     .   l - scarf {rC+ rF+}
rCorr   .          Rampage  .   R - +1 pair of gloves
Will    +....                   Q - +0 pair of boots
Stlth   +++.......              O - amulet of reflection
HPRegen 1.04/turn               c - ring of protection from fire
MPRegen 0.19/turn               U - +4 ring of slaying

@: about to teleport
A: high MP 1, forlorn, divine attributes
a: no special abilities


You were on level 9 of the Dungeon.
You visited 1 branch of the dungeon, and saw 10 of its levels.
You also visited: Ossuary.

You collected 669 gold pieces.
You spent 378 gold pieces at shops.

Inventory:

Hand Weapons
 a - the +3 rapier of Arbitration (weapon) {vorpal, Dex+4}
   (You found it on level 7 of the Dungeon)

   It inflicts extra damage upon your enemies.
   Dex:       It affects your dexterity (+4).
 b - a +2 hand axe of pain
 r - a +5 morningstar
 F - a +2 great sword
 N - a +5 spear
 V - a +1 battleaxe of freezing
 Y - a +2 dagger of venom
Missiles
 k - 3 curare-tipped darts
 I - 4 boomerangs
 K - 33 poisoned darts
Armour
 l - a scarf of resistance (worn)
 q - a +2 helmet (worn)
 s - a +2 robe of fire resistance
 G - a scarf of invisibility
 L - the +1 ring mail "Wiupherr" {rPois}
   (You found it on level 5 of the Dungeon)

   rPois:     It protects you from poison.
 M - the +0 robe of Midnight (worn) {Regen+ Dex+2 Stlth+}
   (You found it on level 6 of the Dungeon)

   Dex:       It affects your dexterity (+2).
   Regen:     It increases your rate of health regeneration.
   Stlth:     It makes you more stealthy.
 Q - a +0 pair of boots (worn)
 R - a +1 pair of gloves (worn)
 S - a +1 robe of positive energy
 T - a +2 robe of cold resistance
Jewellery
 c - a ring of protection from fire (left hand)
 O - an amulet of reflection (around neck)
 U - a +4 ring of slaying (right hand)
Wands
 x - a wand of quicksilver (11)
 P - a wand of flame (20)
Scrolls
 f - 3 scrolls of summoning
 j - a scroll of enchant armour {unknown}
 m - a scroll of blinking {unknown}
 o - 5 scrolls of magic mapping
 p - 2 scrolls of teleportation
 u - a scroll of torment {unknown}
 y - 4 scrolls of poison
 C - a scroll of butterflies {unknown}
 E - 3 scrolls of fear
 X - a scroll of amnesia {unknown}
 Z - a scroll of enchant weapon {unknown}
Potions
 g - 2 potions of cancellation
 n - 4 potions of lignification
 t - 4 potions of curing
 v - 2 potions of ambrosia
 w - 3 potions of heal wounds
 z - 3 potions of flight
 A - 3 potions of might
 B - 2 potions of brilliance
 D - 2 potions of haste
 H - a potion of attraction
 J - a potion of mutation


   Skills:
 * Level 6.4 Fighting
 - Level 1.7 Dodging
 - Level 1.7 Stealth
 * Level 7.4 Spellcasting
 * Level 8.9 Conjurations
 + Level 5.2 Translocations
 - Level 2.6 Transmutations
 - Level 2.6 Fire Magic
 - Level 2.9 Air Magic
 - Level 3.0 Poison Magic


You had 9 spell levels left.
You knew the following spells:

 Your Spells              Type           Power      Damage    Failure   Level
a - Magic Dart            Conj           100%       1d8       1%          1
b - Searing Ray           Conj           100%       2d8       1%          2
c - Slow                  Hex            44%        N/A       4%          1
i - Ignite Poison         Fire/Tmut/Pois 29%        N/A       3%          3
I - Iskenderun's Mystic   Conj/Tloc      55%        2d12      2%          4
M - Mephitic Cloud        Conj/Pois/Air  43%        N/A       1%          3

Your spell library contained the following spells:

 Spells                   Type           Power      Damage    Failure   Level
 Dazzling Flash           Conj/Hex       80%        N/A       1%          3
 Fulminant Prism          Conj/Hex       20%        3d13      6%          4
 Olgreb's Toxic Radiance  Pois           31%        N/A       11%         4
 Confusing Touch          Hex            11%        N/A       12%         3
 Vampiric Draining        Necr           11%        2d6       12%         3
 Freezing Cloud           Conj/Ice/Air   18%        6-21      22%         5
 Ozocubu's Refrigeration  Ice            5%         4d8       100%        7
 Ignition                 Fire           14%        3d6       100%        8


Dungeon Overview and Level Annotations

Branches:
Dungeon (10/15) Zot: 26735  Temple (0/1) D:6         Ossuary (visited)
   Lair: D:8-11         Orc: D:9-12

Shops:
D:1 ?   D:4 :   D:6 (

Annotations:
D:6 3 runed translucent doors, Xeneth's ghost, novice DsBr
D:8 Amaemon


Innate Abilities, Weirdness & Mutations

You have an increased reservoir of magic. (+10% MP)
You shall have no god before yourself.
Your divine heritage dramatically boosts your attributes as you level up.


Message History

You erupt in a blast of force!
The mystic blast hits the death yak!
The death yak is heavily wounded.
The death yak is knocked back by the mystic blast.
The death yak gores you!
There is an escape hatch in the ceiling, spattered with blood here.
Casting: Iskenderun's Mystic Blast (dangerous; 2% risk of failure)
Confirm with . or Enter, or press ? or * to list all spells.
You erupt in a blast of force!
The mystic blast hits the death yak.
The death yak is heavily wounded.
Casting: Iskenderun's Mystic Blast (dangerous; 2% risk of failure)
Confirm with . or Enter, or press ? or * to list all spells.
You don't have enough magic to cast this spell.
You puncture the death yak!
The death yak is severely wounded.
The death yak closely misses you. The death yak gores you!
You hit the death yak but do no damage.
The death yak is severely wounded.
You barely miss the death yak.
The death yak is severely wounded.
The death yak gores you!
You puncture the death yak!
The death yak is severely wounded.
The death yak gores you!!
You barely miss the death yak.
The death yak is severely wounded.
The death yak closely misses you.
You hit the death yak.
The death yak is almost dead.
The death yak barely misses you. The death yak closely misses you.
You hit the death yak.
The death yak is almost dead.
The death yak gores you!
* * * LOW HITPOINT WARNING * * *
The death yak attacks as you move away! The death yak gores you!!
* * * LOW HITPOINT WARNING * * *
You feel much better. The death yak gores you!
* * * LOW HITPOINT WARNING * * *
As you read the scroll of teleportation, it crumbles to dust.
You feel strangely unstable. The death yak gores you!!
You die...

######### # #.......#
# #.......# #
###.......# #
#.Y.?.....# #
###<#@......# #
#...######.###########
#..>..................
###.###....###########
#.# #.##.#
####.###.##.#
#....#...##.#
####.#.####.#
#...<..#.########


You could see a death yak.

Vanquished Creatures
  Joseph (D:7)
  An orange demon (D:8)
  A kobold demonologist (D:8)
  Psyche (D:8)
  A hornet (D:9)
  Grinder (D:3)
  Sigmund (D:2)
  8 yaks
  A steam dragon (D:9)
  Menkaure (D:6)
  A water moccasin (D:7)
  2 sky beasts (D:8)
  7 kobold brigands
  A bullfrog (D:6)
  3 necrophages
  A wyvern zombie (Ossuary)
  3 gnoll sergeants
  A scorpion (D:4)
  21 wights
  8 killer bees
  4 howler monkeys (D:9)
  7 bullfrog zombies (Ossuary)
  3 centaur zombies (Ossuary)
  4 hounds
  5 orc priests
  A gnoll bouda (D:6)
  3 iguanas
  5 orc wizards
  A hell rat (D:10)
  2 killer bee zombies (Ossuary)
  12 mummies (Ossuary)
  A howler monkey zombie (Ossuary)
  Robin (D:2)
  10 gnolls
  4 adders
  A shadow imp (D:5)
  A dart slug (D:1)
  21 orcs
  7 ball pythons
  6 endoplasms
  7 giant cockroaches
  9 goblins
  8 hobgoblins
  5 jackals
  A quokka (D:2)
  5 bats
  5 frilled lizards
  15 kobolds
  5 rats
224 creatures vanquished.

Vanquished Creatures (others)
  A kobold brigand (D:8)
  A plant (D:5)
  5 toadstools (D:2)
  9 withered plants (Ossuary)
16 creatures vanquished.

Grand Total: 240 creatures vanquished

Notes
Turn   | Place    | Note
-------+----------+-------------------------------------------
     0 | D:1      | mortz the Demigod Conjurer began the quest for the Orb.
     0 | D:1      | Reached XP level 1. HP: 14/14 MP: 5/5
   400 | D:1      | Reached XP level 2. HP: 22/22 MP: 5/7
   450 | D:1      | Found Pafuw's Magic Scroll Shop.
   464 | D:1      | Bought a scroll of identify for 28 gold pieces
   489 | D:1      | Reached skill level 4 in Conjurations
   604 | D:1      | Learned a level 2 spell: Searing Ray
   828 | D:1      | Reached skill level 1 in Fighting
  1298 | D:2      | Reached XP level 3. HP: 28/28 MP: 6/8
  1393 | D:2      | Noticed Sigmund
  1513 | D:2      | Killed Sigmund
  1514 | D:2      | Reached skill level 1 in Translocations
  1514 | D:2      | Reached XP level 4. HP: 30/36 MP: 5/11
  1514 | D:2      | Reached XP level 5. HP: 34/41 MP: 5/12
  1672 | D:1      | Bought a scroll of teleportation for 42 gold pieces
  1718 | D:2      | Noticed Robin
  1736 | D:2      | Killed Robin
  2437 | D:3      | Noticed Grinder
  2467 | D:3      | Paralysed by Grinder for 2 turns
  2475 | D:3      | Killed Grinder
  2476 | D:3      | Reached skill level 5 in Conjurations
  2476 | D:3      | Reached XP level 6. HP: 22/49 MP: 10/14
  2649 | D:2      | Learned a level 4 spell: Iskenderun's Mystic Blast
  3089 | D:4      | Found Hasuwn's Book Boutique.
  3355 | D:4      | Reached XP level 7. HP: 56/56 MP: 7/16
  3401 | D:4      | Found a sand-covered staircase.
  3466 | Ossuary  | Entered an ossuary
  3773 | Ossuary  | Reached skill level 6 in Conjurations
  4367 | Ossuary  | Reached skill level 5 in Spellcasting
  4367 | Ossuary  | Reached XP level 8. HP: 57/63 MP: 7/19
  5294 | D:5      | Entered Level 5 of the Dungeon
  5638 | D:5      | Identified the +1 ring mail "Wiupherr" {rPois}
  6158 | D:6      | Found a runed translucent gate.
  6158 | D:6      | Found a runed translucent gate.
  6166 | D:6      | Found a runed translucent gate.
  6228 | D:6      | Noticed Menkaure
  6228 | D:6      | Found Xaciud's Weapon Shoppe.
  6498 | D:6      | Reached skill level 7 in Conjurations
  6569 | D:6      | Identified the +0 robe of Midnight {Regen+ Dex+2 Stlth+}
  6738 | D:4      | Bought a Trismegistus Codex for 308 gold pieces
  6742 | D:4      | Learned a level 3 spell: Mephitic Cloud
  6938 | D:6      | Noticed a spectral unseen horror
  7000 | D:6      | Noticed Xeneth's ghost (novice DsBr)
  7242 | D:6      | Found a staircase to the Ecumenical Temple.
  7738 | D:6      | Found a staircase to the Ecumenical Temple.
  7874 | D:6      | Killed Menkaure
  7875 | D:6      | Reached skill level 1 in Poison Magic
  7877 | D:6      | Learned a level 1 spell: Slow
  7881 | D:6      | Learned a level 3 spell: Ignite Poison
  8078 | D:7      | Reached skill level 1 in Air Magic
  8268 | D:7      | Reached XP level 9. HP: 61/72 MP: 16/21
  8614 | D:7      | Reached skill level 1 in Transmutations
  8711 | D:7      | Identified the +3 rapier of Arbitration {vorpal, Dex+4}
  8794 | D:7      | Reached skill level 1 in Fire Magic
  9051 | D:7      | Noticed Joseph
  9075 | D:7      | Killed Joseph
  9722 | D:8      | Noticed a kobold demonologist
  9729 | D:8      | Killed a kobold demonologist
  9730 | D:8      | Reached skill level 5 in Fighting
  9787 | D:8      | Reached skill level 8 in Conjurations
 10307 | D:8      | Noticed a two-headed ogre
 10556 | D:8      | Noticed an orange demon
 10557 | D:8      | Noticed Amaemon
 10579 | D:8      | Killed an orange demon
 10580 | D:8      | Reached XP level 10. HP: 56/81 MP: 13/24
 10735 | D:8      | Noticed Psyche
 10740 | D:8      | Killed Psyche
 11630 | D:8      | Reached skill level 5 in Translocations
 12320 | D:10     | Entered Level 10 of the Dungeon
 12545 | D:10     | Noticed a death yak
 12545 | D:10     | Noticed a death yak
 12545 | D:10     | Noticed a death yak
 12579 | D:9      | HP: 4/84 [death yak (21)]
 12581 | D:9      | Mangled by a death yak

Illustrated notes

Levels and vault maps discovered:
D:1:      mrwooster_arrival_statue_2, layout_basic, serial_shops, shop_scrolls,
          ebering_ecumenical_altar_box, minmay_cut_off
D:2:      layout_rooms, minmay_gold_behind_fungi, uniq_sigmund, uniq_robin
D:3:      layout_rooms, uniq_grinder
D:4:      layout_gridville, serial_shops, shop,
          nicolae_ossuary_entry_false_entrances
D:5:      layout_loops_ring, nicolae_vehumet_radiance, saegor_snake_ambush
D:6:      layout_cave_pools, temple_pool_b, gammafunk_ghost_necromancy,
          serial_gnoll_camp, gnoll_camp_mini_shop, gnoll_camp_mini_basic,
          gnoll_camp_mini_house, gnoll_camp_mini_hut, uniq_menkaure
D:7:      layout_basic, grunt_decor_fettered, uniq_joseph
D:8:      layout_loops_corners, grunt_temple_overflow_diamond, special_room
          [special_room_kobold], grunt_ministairs_13, uniq_psyche, uniq_amaemon
D:9:      layout_basic
D:10:     layout_gridville, dpeg_lair_monsters

Skill      XL: |  1  2  3  4  5  6  7  8  9 10 |
---------------+-------------------------------+-----
Spellcasting   | 2 3 4 5 6 7 |  7.4
Conjurations   | 4 5 6 7 8 |  8.9
Fighting       | 1 2 3 4 5 6 |  6.4
Translocations | 1 2 3 4 5 |  5.2
Poison Magic   | 1 2 3 |  3.0
Air Magic      | 1 2 |  2.9
Transmutations | 2 |  2.6
Fire Magic     | 2 |  2.6
Dodging        | |  1.7
Stealth        | |  1.7

Action                   |  1- 3 |  4- 6 |  7- 9 | 10-12 || total
-------------------------+-------+-------+-------+-------++-------
Melee: Long sword        |       |     8 |       |       ||     8
       Dagger            |       |       |     2 |       ||     2
       Rapier            |       |       |     3 |    14 ||    17
 Cast: Magic Dart        |    69 |    56 |   186 |    25 ||   336
       Searing Ray       |     3 |    13 |    96 |    30 ||   142
       Mephitic Cloud    |       |       |     1 |       ||     1
       Iskenderun's Myst |       |       |     2 |    16 ||    18
Evoke: Wand              |       |       |       |     2 ||     2
  Use: Scroll            |       |     2 |    12 |     5 ||    19
       Potion            |       |     1 |     1 |     2 ||     4
 Stab: Sleeping          |       |       |     4 |       ||     4
Armor: Robe              |     5 |    13 |    44 |    26 ||    88
       Ring mail         |       |       |     4 |       ||     4
Dodge: Dodged            |    15 |    29 |    77 |    30 ||   151
Block: Other             |       |       |    22 |    11 ||    33
       Reflection        |       |       |    10 |       ||    10
